Map: 机会渺茫

Players

小何

  • Race: Terran Terran
  • Spawn Location: 6:00

Marisa

  • Race: Terran Terran
  • Spawn Location: 5:00

VOD

Have the link to the VOD?

Description

Time

  • Played on: March 8, 2018, 7:16 a.m.
  • Length: 30:08
Show
View Real Time Build Order
Export as new Build Order

小何 Terran 

Build Orders:  

Get SALT Encoding   

  12  0:06  SCV  
  13  0:23  SCV  
  13  0:28  Refinery  
  14  0:40  SCV  
  14  0:45  Refinery  
  15  0:57  SCV  
  16  1:14  SCV  
  16  1:16  Barracks  
  17  1:31  SCV  
  18  1:48  SCV  
  19  2:05  SCV  
  20  2:23  Railgun Turret  
  20  2:26  Railgun Turret  
  20  2:31  Factory  
  20  2:38  SCV  
  21  2:55  SCV  
  22  3:12  SCV  
  23  3:26  Refinery  
  23  3:30  SCV  
  23  3:37  Starport  
  24  3:41  Armory  
  24  3:47  SCV  
  25  4:04  SCV  
  26  4:21  Refinery, SCV  
  27  4:38  SCV  
  28  4:46  Command Center  
  28  4:54  SCV  
  29  5:00  Starport Tech Lab  
  29  5:01  Factory Tech Lab  
  29  5:11  SCV  
  30  5:28  SCV  
  31  5:45  SCV  
  32  6:02  SCV  
  33  6:15  Raid Artillery  
  33  6:19  SCV  
  34  6:34  Raid Liberator  
  34  6:36  SCV  
  41  6:43  Strike Goliath  
  41  6:45  Smart Servos  
  47  6:52  Defensive Drone  
  47  6:53  SCV  
  47  6:57  Ares-Class Targeting System  
  48  7:10  SCV  
  49  7:27  Lockdown Missiles  
  49  7:30  Enhanced Manufacturing  
  49  7:36  Ghost Visor  
  49  7:53  Griffin Airstrike  
  49  8:15  Covert Triage  
  49  8:27  Raven Type-II  
  51  8:31  Defensive Drone  
  51  8:50  Railgun Turret  
  51  9:26  Defensive Drone  
  51  10:06  Raid Liberator  
  51  10:08  Raven Type-II  
  59  10:26  Strike Goliath  
  65  10:30  Instant Regeneration  
  65  10:58  Railgun Turret x2  
  65  10:59  Railgun Turret  
  65  11:48  Griffin Airstrike  
  65  12:15  Railgun Turret x2  
  65  12:16  Railgun Turret x4  
  65  12:34  Tactical Airlift  
  65  12:49  Defensive Drone  
  65  12:52  Railgun Turret  
  65  12:53  Railgun Turret  
  65  13:06  Terran Vehicle and Ship Weapons Level 1  
  65  13:23  Railgun Turret x2  
  65  13:31  Strike Goliath  
  71  13:53  Railgun Turret x2  
  71  14:15  Railgun Turret x2  
  71  14:16  Railgun Turret  
  71  14:37  Raid Liberator  
  71  14:38  Raven Type-II  
  79  14:49  Griffin Airstrike  
  79  14:55  Railgun Turret  
  79  14:56  Railgun Turret x5  
  79  15:06  Defensive Drone  
  79  15:09  Defensive Drone  
  79  15:39  Defensive Drone  
  76  16:20  Griffin Airstrike  
  76  16:23  Terran Vehicle and Ship Weapons Level 2  
  76  16:39  Defensive Drone  
  74  16:42  Railgun Turret x3  
  74  16:43  Railgun Turret x2  
  74  16:44  Railgun Turret  
  74  16:57  Griffin Airstrike  
  74  17:36  Griffin Airstrike  
  74  17:45  Railgun Turret  
  74  17:46  Defensive Drone  
  74  17:48  Railgun Turret x2  
  74  17:49  Railgun Turret, Defensive Drone  
  74  17:51  Railgun Turret  
  74  17:52  Railgun Turret x4  
  74  18:15  Defensive Drone  
  74  18:20  Griffin Airstrike  
  74  18:55  Defensive Drone  
  74  19:04  Strike Goliath  
  77  19:35  Railgun Turret  
  77  19:36  Railgun Turret  
  77  19:38  Railgun Turret  
  77  19:42  Railgun Turret x3  
  77  19:48  Griffin Airstrike  
  77  20:06  Defensive Drone  
  77  20:09  Instant Regeneration  
  77  20:18  Tactical Airlift  
  79  20:21  Defensive Drone  
  74  20:52  Raid Liberator  
  80  21:01  Instant Regeneration  
  80  21:27  Railgun Turret x6  
  80  21:56  Defensive Drone  
  80  22:03  Griffin Airstrike  
  80  22:19  Raven Type-II  
  82  23:32  Strike Goliath  
  82  23:36  Terran Vehicle and Ship Weapons Level 3  
  88  24:51  Raid Liberator  
  88  24:59  Raven Type-II  
  96  25:26  Defensive Drone  
  96  25:37  Railgun Turret  
  96  25:38  Railgun Turret  
  96  25:47  Defensive Drone  
  96  25:58  Defensive Drone  
  96  26:02  Griffin Airstrike  
  96  26:29  Railgun Turret x5  
  96  26:30  Railgun Turret  
  96  26:34  Griffin Airstrike  
  96  26:57  Defensive Drone  
  96  27:29  Defensive Drone  
  96  27:30  Griffin Airstrike  
  96  28:02  Griffin Airstrike  
  96  28:22  Railgun Turret  
  96  28:24  Railgun Turret x4  
  96  28:30  Defensive Drone  
  96  28:34  Defensive Drone  
  96  28:37  Instant Regeneration  
  96  28:59  Griffin Airstrike  
  93  29:05  Tactical Airlift  
  93  29:31  Raid Liberator  
Show
View Real Time Build Order
Export as new Build Order

Marisa Terran 

Build Orders:  

Get SALT Encoding   

Tags
 
Commander
NovaRaynor
Matchup
Co-op
Replay Pack
Co-op Speedrun
Add a new tag
Caveats
  • Supply blocks, unpowered buildings, or Contaminate may cause inaccurate times.
  • Supply counts are checked every 10 seconds.